 Dungeon Crawl Stone Soup version 0.31.0-12-g77e489cdc1 (webtiles) character file.

Game seed: 15255838547816868747

844 Couri the Shooter (level 8, -7/63 HPs)
             Began as a Hill Orc Hunter on Feb 20, 2024.
             Was an Elder of Hepliaklqana.
             Killed from afar by Pikel (17 damage)
             ... with a bolt of dispelling energy
             ... on level 5 of the Dungeon.
             The game lasted 00:18:50 (3963 turns).

Couri the Shooter (Hill Orc Hunter)                 Turns: 3963, Time: 00:18:50

Health: -7/63      AC:  5    Str: 20    XL:     8   Next: 0%
Magic:  8/8        EV: 17    Int:  9    God:    Hepliaklqana [****..]
Gold:   352        SH:  0    Dex: 16    Spells: 7/7 levels left

rFire   . . .        a - +0 shortbow
rCold   . . .        (shield currently unavailable)
rNeg    . . .        c - +0 leather armour
rPois   .            (no helmet)
rElec   .            (no cloak)
rCorr   .            (no gloves)
SInv    .            (no boots)
Will    .....        (no amulet)
Stlth   +            u - +6 ring of strength
HPRegen 0.30/turn    v - +5 ring of evasion
MPRegen 0.11/turn

%: random rage (3%)
@: no status effects
A: reduced essence, iridescent scales 1, berserk 1
a: Renounce Religion, Recall Ancestor, Ancestor Identity, Transference, Idealise


You were on level 5 of the Dungeon.
You worshipped Hepliaklqana.
Hepliaklqana was greatly pleased with you.
You visited 1 branch of the dungeon, and saw 5 of its levels.
You also visited: Sewer.

You collected 352 gold pieces.

Inventory:

Hand Weapons
 a - a +0 shortbow (weapon)
Armour
 c - a +0 leather armour (worn)
Magical Staves
 h - a staff of conjuration
Jewellery
 e - a ring of positive energy
 u - a +6 ring of strength (left hand)
 v - a +5 ring of evasion (right hand)
Scrolls
 b - a scroll of butterflies
 d - a scroll of identify
 g - a scroll of vulnerability
 j - a scroll of enchant armour
 k - 3 scrolls of teleportation
 n - 2 scrolls of fear {unknown}
 o - a scroll of amnesia {unknown}
 p - a scroll of fog {unknown}
 r - 2 scrolls of silence {unknown}
 w - 2 scrolls of enchant weapon {unknown}
 x - a scroll of torment {unknown}
Potions
 f - 3 potions of might
 i - a potion of mutation
 l - a potion of curing
 m - 4 potions of heal wounds
 q - a potion of enlightenment
 s - a potion of lignification {unknown}
 t - a potion of attraction {unknown}


   Skills:
 + Level 6.4 Fighting
 * Level 7.4 Ranged Weapons
 - Level 1.9 Dodging
 - Level 0.7 Stealth


You had 7 spell levels left.
You didn't know any spells.
Your spell library contained the following spells:

 Spells                   Type           Power      Damage    Failure   Level
 Summon Small Mammal      Summ           0%         N/A       43%         1
 Call Canine Familiar     Summ           0%         N/A       82%         3
 Summon Blazeheart Golem  Fire/Summ      0%         N/A       99%         4
 Vhi's Electric Charge    Tloc/Air       0%         N/A       99%         4
 Arcjolt                  Conj/Air       0%         1d10      100%        5
 Plasma Beam              Fire/Air       0%         2x1d10    100%        6


Dungeon Overview and Level Annotations

Branches:
Dungeon (5/15)             Temple (0/1) D:5           Sewer (visited)

Altars:
Dithmenos
Elyvilon
Hepliaklqana
Kikubaaqudgha
Okawaru
Sif Muna
Trog

Annotations:
D:5 Pikel


Innate Abilities, Weirdness & Mutations

Your life essence is reduced to manifest your ancestor. (-10% HP)
You are partially covered in iridescent scales. (AC +2)
You sometimes lose your temper in combat.


Message History

Pikel zaps a wand.
The bolt of dispelling energy hits you!
Fire: a) +0 shortbow
Press: ? - help, Q - select action, (/) - cycle Shift-Dir - straight line, f/p - Pikel
Aim: Pikel, wielding a +0 whip of flaming, wearing a +0 robe and carrying a wand of quicksilver (severely wounded, 60% to hit)
You shoot an arrow.
The arrow hits Pikel but does no damage.
Pikel is severely wounded.
Pikel hits you with a +0 whip of flaming.
* * * LOW HITPOINT WARNING * * *
Pikel burns you.
* * * LOW HITPOINT WARNING * * *
Fire: a) +0 shortbow
Press: ? - help, Q - select action, (/) - cycle Shift-Dir - straight line, f/p - Pikel
Aim: Pikel, wielding a +0 whip of flaming, wearing a +0 robe and carrying a wand of quicksilver (severely wounded, 60% to hit)
You shoot an arrow.
The arrow hits Pikel but does no damage.
Pikel is severely wounded.
Pikel misses you.
Okay, then.
Fire: a) +0 shortbow
Press: ? - help, Q - select action, (/) - cycle Shift-Dir - straight line, f/p - Pikel
Aim: Pikel, wielding a +0 whip of flaming, wearing a +0 robe and carrying a wand of quicksilver (severely wounded, 60% to hit)
You shoot an arrow.
The arrow hits Pikel but does no damage.
Pikel is severely wounded.
Pikel hits you with a +0 whip of flaming.
* * * LOW HITPOINT WARNING * * *
Pikel burns you.
* * * LOW HITPOINT WARNING * * *
Fire: a) +0 shortbow
Press: ? - help, Q - select action, (/) - cycle Shift-Dir - straight line, f/p - Pikel
Aim: Pikel, wielding a +0 whip of flaming, wearing a +0 robe and carrying a wand of quicksilver (severely wounded, 60% to hit)
You shoot an arrow. The arrow barely misses Pikel.
Pikel barely misses you.
Gentoo emerges from the mists of memory!
Pikel zaps a wand.
The bolt of dispelling energy hits Gentoo!!
The bolt of dispelling energy hits you!
You die...
Pikel says, "Another soul for the market."

#####...#.# #..###....#
##### ....###...# #.#≈#
.....##.#.## #.≈≈#
..........># #####.≈#
##.#.#####.####≈≈≈##.##
##...# #.##≈≈≈# #.##
##.#######.#≈≈######.##
#........#.~≈..#@RK##.#
.........#.#.≈≈~#.≈55##
.#######.#.####≈###≈≈5#
.......# #.# #≈# ###.#
######.# #.# ### #.#
#....#.# #.# ##.#
.....#.###.# #.K#
.....#.....## ##.##
.....#####..#######..#


You could see the friendly Gentoo the hexer, Pikel (ally target) and 3 lemures.

Vanquished Creatures
  Sigmund (D:2)
  An ice beast (D:5)
  A scorpion (D:4)
  A hound (D:5)
  A bombardier beetle (D:3)
  A jelly (D:5)
  An adder (Sewer)
  3 dart slugs
  3 ribbon worms
  An orc (D:3)
  2 bats (D:1)
  10 endoplasms
  4 giant cockroaches
  8 goblins
  6 hobgoblins
  2 quokkas
  6 ball pythons
  3 frilled lizards
  6 kobolds
  10 rats
71 creatures vanquished.

Vanquished Creatures (collateral kills)
  Eustachio (D:5)
  A lemure (D:5)
  A phantom (D:5)
  2 howler monkeys (D:5)
  4 adders
  A river rat (Sewer)
  A ribbon worm (D:2)
  2 endoplasms
  3 giant cockroaches
  A goblin (D:3)
  A hobgoblin (D:3)
  2 quokkas (D:5)
  2 ball pythons
  A kobold (Sewer)
  A rat (D:2)
24 creatures vanquished.

Vanquished Creatures (others)
  A hexer (D:5)
  An ancestor (D:1)
2 creatures vanquished.

Grand Total: 97 creatures vanquished

Notes
Turn   | Place    | Note
-------+----------+-------------------------------------------
     0 | D:1      | Couri the Hill Orc Hunter began the quest for the Orb.
     0 | D:1      | Reached XP level 1. HP: 18/18 MP: 1/1
    36 | D:1      | Found a faded altar of an unknown god.
    47 | D:1      | Prayed at the altar of an unknown god.
    47 | D:1      | Became a worshipper of Hepliaklqana the Forgotten
    47 | D:1      | Reached * piety under Hepliaklqana
   266 | D:1      | Reached XP level 2. HP: 22/22 MP: 2/2
   400 | D:1      | Reached skill level 4 in Ranged Weapons
   461 | D:1      | Reached XP level 3. HP: 27/27 MP: 3/3
  1106 | D:2      | Reached ** piety under Hepliaklqana
  1107 | D:2      | Remembered your ancestor Gentoo as a hexer
  1403 | D:2      | Noticed Sigmund
  1411 | D:2      | Killed Sigmund
  1412 | D:2      | Reached skill level 5 in Ranged Weapons
  1412 | D:2      | Reached XP level 4. HP: 27/36 MP: 4/4
  1412 | D:2      | Reached XP level 5. HP: 32/42 MP: 5/5
  1831 | D:3      | Found an ancient bone altar of Kikubaaqudgha.
  2008 | D:3      | Reached XP level 6. HP: 41/47 MP: 6/6
  2033 | D:3      | Reached *** piety under Hepliaklqana
  2172 | D:3      | You fall into a shaft and drop 1 floor!
  2348 | D:4      | Found a hazy altar of Hepliaklqana.
  2493 | D:4      | Found a bloodstained altar of Trog.
  2590 | D:4      | Reached skill level 6 in Ranged Weapons
  2650 | D:4      | Found a shadowy altar of Dithmenos.
  2650 | D:4      | Found a white marble altar of Elyvilon.
  2658 | D:4      | Found an iron altar of Okawaru.
  2660 | D:4      | Found a shimmering blue altar of Sif Muna.
  2662 | D:4      | Found a faded altar of an unknown god.
  2864 | D:5      | Entered Level 5 of the Dungeon
  2878 | D:5      | Reached skill level 5 in Fighting
  2995 | D:5      | Found a staircase to the Ecumenical Temple.
  2995 | D:5      | Noticed Eustachio
  3016 | D:5      | Killed Eustachio
  3017 | D:5      | Reached XP level 7. HP: 54/54 MP: 7/7
  3087 | D:5      | Found a glowing drain.
  3199 | Sewer    | Entered a sewer
  3499 | D:5      | Reached skill level 7 in Ranged Weapons
  3507 | D:5      | Reached **** piety under Hepliaklqana
  3540 | D:5      | Gained mutation: You sometimes lose your temper in combat.
                  | [potion of mutation]
  3540 | D:5      | Gained mutation: You are partially covered in iridescent
                  | scales. (AC +2) [potion of mutation]
  3772 | D:5      | Reached XP level 8. HP: 63/63 MP: 8/8
  3916 | D:5      | Noticed Pikel
  3963 | D:5      | Killed from afar by Pikel

Illustrated notes

Levels and vault maps discovered:
D:1:      ncdulo_wetmaze, layout_basic, shapermc_ecumenical_altar_flowoftime,
          chequers_serial_rivers_marsh
D:2:      layout_loops_ring, minmay_strange_pillars, uniq_sigmund
D:3:      layout_basic, kiku_gazebo_pond_becter, minmay_gold_behind_fungi,
          corexii_corridor_pit
D:4:      layout_basic, nicolae_hepliaklqana_hippocampus,
          mainiacjoe_overflow_alcove_4, chequers_temple_overflow_minitemple
D:5:      layout_basic, minmay_temple_entry_metal_lava, portal_sewer_entry_f,
          serial_co_window_serial, co_window_corner_a, co_window_paths_b,
          co_window_paths_a, co_window_corner_a, co_window_paths_a,
          co_window_paths_a, co_window_paths_a, co_window_paths_a,
          co_window_corner_a, co_window_paths_c, co_window_broadway_b,
          co_window_2corner, co_window_corner_cb, glass_columns_a,
          glass_columns_a, minmay_misc_feat_diagonals, minivault_19,
          chequers_serial_rivers_small_b, uniq_eustachio, uniq_pikel

Skill      XL: |  1  2  3  4  5  6  7 |
---------------+----------------------+-----
Ranged Weapons | 4 5 6 7 |  7.4
Fighting       | 4 5 6 |  6.4
Dodging        | |  1.9
Stealth        | |  0.7

Action                     |  1- 3 |  4- 6 |  7- 9 || total
---------------------------+-------+-------+-------++-------
   Fire: Shortbow          |    99 |    89 |   107 ||   295
 Invoke: Ancestor Identity |     1 |       |       ||     1
         Ancestor Life: He |     1 |       |       ||     1
         Recall Ancestor   |       |     1 |       ||     1
    Use: Scroll            |       |     1 |     3 ||     4
         Potion            |       |       |     4 ||     4
 Armour: Leather armour    |    17 |    12 |    24 ||    53
  Dodge: Dodged            |    15 |     6 |    34 ||    55
